 Dungeon Crawl Stone Soup version 0.32-a0-732-ga344392067 (webtiles) character file.

Game seed: 9632751744132016615

9424 shadizar the Arsonist (level 11, -6/76 HPs)
             Began as a Djinni Fire Elementalist on Mar 16, 2024.
             Was a Follower of Makhleb.
             Mangled by a yak (12 damage)
             ... on level 1 of the Lair of Beasts.
             The game lasted 00:16:57 (10794 turns).

shadizar the Arsonist (Djinni Fire Elementalist)   Turns: 10794, Time: 00:16:58

Health: -6/76      AC:  6    Str:  9    XL:     11   Next: 74%
Gold:   733        EV: 14    Int: 21    God:    Makhleb [*.....] SH:  0 Dex: 18

rFire   + + .        a - +1 mace of Wariness {freeze, Will++ Str+2 Dex+4 SInv}
rCold   x . .        (no shield)
rNeg    + . .        v - +3 leather armour
rPois   ∞            (no helmet)
rElec   .            (no cloak)
rCorr   .            (no gloves)
SInv    +            (boots unavailable)
Will    +++..        (no amulet)
Stlth   ++           o - ring of positive energy
HPRegen 0.32/turn    (no ring)
MPRegen 0.00/turn

%: infuse magic (-7 HP)
@: flying, studying Fire Magic
A: sickness immunity, fire resistance 2, cold vulnerability 1, float, innate
caster, HP casting, extra vitality 1
a: Renounce Religion


You were on level 1 of the Lair of Beasts.
You worshipped Makhleb.
Makhleb was aware of your devotion.
You visited 3 branches of the dungeon, and saw 12 of its levels.
You also visited: Sewer.

You collected 733 gold pieces.

Inventory:

Hand Weapons
 a - the +1 mace of Wariness (weapon) {freeze, Will++ Str+2 Dex+4 SInv}
   (You found it on level 5 of the Dungeon)

   Str+2:     It affects your strength (+2).
   Dex+4:     It affects your dexterity (+4).
   Will++:    It greatly increases your willpower.
   SInv:      It lets you see invisible.
 k - the +10 hammer of Evolution {vamp, rF+ rN+ Dex+2 Stlth+}
   (You found it on level 2 of the Dungeon)

   Dex+2:     It affects your dexterity (+2).
   rF+:       It protects you from fire.
   rN+:       It protects you from negative energy.
   Stlth+:    It makes you more stealthy.
 E - the +6 flail of Dokkaf {protect, *Noise rElec rC+ Str+3}
   (You found it on level 1 of the Lair of Beasts)

   Str+3:     It affects your strength (+3).
   rC+:       It protects you from cold.
   rElec:     It insulates you from electricity.
   *Noise:    It may make a loud noise when swung.
Armour
 b - a +2 robe of positive energy
 f - a +1 scale mail of cold resistance
 p - a +0 troll leather armour {Pargi}
 q - +0 steam dragon scales
 v - a +3 leather armour (worn)
Jewellery
 o - a ring of positive energy (left hand)
Wands
 h - a wand of flame (17)
 l - a wand of mindburst (13)
 m - a wand of digging (15)
 r - a wand of quicksilver (8)
 s - a wand of charming (16)
 C - a wand of roots (7)
Scrolls
 c - 2 scrolls of revelation
 g - 4 scrolls of fog
 j - 4 scrolls of teleportation
 w - a scroll of poison
 x - 3 scrolls of identify
 y - a scroll of amnesia {unknown}
 z - a scroll of enchant weapon {unknown}
 F - a scroll of enchant armour {unknown}
Potions
 d - a potion of attraction {unknown}
 e - 2 potions of resistance
 i - a potion of curing
 n - a potion of enlightenment
 t - 3 potions of might
 u - 2 potions of degeneration {unknown}
 A - 2 potions of heal wounds {unknown}
 D - 2 potions of invisibility {unknown}
Miscellaneous
 B - a phial of floods


   Skills:
 - Level 6.2 Fighting
 - Level 6.2 Armour
 - Level 7.2 Dodging
 - Level 1.5 Stealth
 + Level 11.3 Spellcasting
 + Level 11.3 Conjurations
 + Level 11.3 Hexes
   Level 0.0 Charms
 + Level 11.3 Summonings
 + Level 11.3 Necromancy
 + Level 11.3 Translocations
   Level 0.0 Transmutations
 + Level 14.1 Fire Magic
 + Level 11.3 Ice Magic
 + Level 11.3 Air Magic
 + Level 11.3 Earth Magic
 + Level 11.3 Alchemy


You knew the following spells:

 Your Spells              Type           Power      Damage    Failure   Level
a - Foxfire               Conj/Fire      100%       2x1d9     1%          1
b - Scorch                Fire           100%       2d9       1%          2
c - Volatile Blastmotes   Fire/Tloc      100%       2d18      1%          3
d - Inner Flame           Hex/Fire       60%        N/A       1%          3
e - Flame Wave            Conj/Fire      60%        2d14      1%          4
f - Shock                 Conj/Air       100%       1d9       1%          1
g - Static Discharge      Conj/Air       100%       3-8/arc   1%          2
h - Call Imp              Summ           100%       N/A       1%          2
i - Summon Ice Beast      Ice/Summ       56%        N/A       1%          3
j - Petrify               Alch/Erth      56%        N/A       1%          4
Your spell library was empty.

Dungeon Overview and Level Annotations

Branches:
Dungeon (10/15)            Temple (1/1) D:6            Lair (1/5) D:9
    Orc (0/2) D:10          Sewer (visited)

Altars:
Ashenzari
Cheibriados
Dithmenos
Elyvilon
Fedhas
Gozag
Hepliaklqana
Makhleb
Nemelex Xobeh
Okawaru
Qazlal
Ru
Trog
Uskayaw
Wu Jian
Xom
Yredelemnul
Zin
The Shining One

Shops:
D:6 (   D:7 ?

Annotations:
D:2 1 runed translucent door, Crazy Yiuf
D:5 1 runed translucent door, heinrich's ghost, weakling GnDe
D:10 6 transporters


Innate Abilities, Weirdness & Mutations

You are immune to sickness and miasma.
You are immune to poison.
Your flesh is very heat resistant. (rF++)
You are vulnerable to cold. (rC-)
You float through the air rather than walking.
You learn spells naturally, not from books.
Your magical power is your life essence.
You have superior vitality. (+4 MHP)


Message History

Press: ? - help, Dir - look around, f - activate A wave of flame ripples out!
The flame wave engulfs the yak!!
The yak is almost dead.
The flame wave engulfs the yak!
The yak is almost dead.
The flame wave engulfs the yak!!
The yak is heavily wounded. (Press . to intensify the flame waves.)
The yak gores you!
* * * LOW HITPOINT WARNING * * *
The yak gores you!
* * * LOW HITPOINT WARNING * * *
The yak gores you.
* * * LOW HITPOINT WARNING * * *
Unknown command.
Unknown command.
Unknown command.
Unknown command.
Unknown command.
Unknown command.
Unknown command.
Unknown command.
Unknown command.
Unknown command.
You feel better.
The yak barely misses you. x2; The yak gores you.
* * * LOW HITPOINT WARNING * * *
You feel better. The yak closely misses you. The yak misses you.
The yak gores you.
* * * LOW HITPOINT WARNING * * *
You feel better. The yak gores you but does no damage. The yak misses you. x2
The yak gores you.
* * * LOW HITPOINT WARNING * * *
The yak gores you.
* * * LOW HITPOINT WARNING * * *
You feel better. The yak barely misses you. The yak gores you!
* * * LOW HITPOINT WARNING * * *
The yak gores you.
* * * LOW HITPOINT WARNING * * *
The yak gores you!
You die...

#### ...# ...# ...#
####### ...#
####.....### #..##
#..........#
##..#######.....YY...#..
##...#P##.......@Y......
###.............YY(.###.
#####....##.........#
.####..#####........#
.##PP...# #......P##
.###....####.###.###
.##......#...# ###
............##
..#.....#####


You could see 5 yaks.

Vanquished Creatures
  A two-headed ogre (D:10)
  A black mamba (Lair:1)
  3 cane toads (Lair:1)
  2 unseen horrors
  A komodo dragon (Lair:1)
  A hornet (D:7)
  9 blink frogs (Lair:1)
  Sigmund (D:6)
  5 yaks (Lair:1)
  A wraith (D:10)
  Eustachio (D:4)
  2 steam dragons
  A vampire mosquito (D:7)
  An acid dragon (D:8)
  2 water moccasins
  Duvessa (D:6)
  Pargi (Sewer)
  2 orc warriors
  A black bear (D:6)
  A sky beast (D:7)
  3 centaurs
  4 bullfrogs
  2 kobold brigands
  4 scorpions
  8 wights
  Dowan (D:6)
  9 killer bees
  A howler monkey (D:5)
  3 orc priests (D:9)
  3 hounds
  A bombardier beetle (D:6)
  A gnoll bouda (D:9)
  2 jellies
  3 sleepcaps
  Natasha (twice) (D:4)
  2 iguanas (D:5)
  6 orc wizards
  4 gnolls (D:9)
  7 adders
  A shadow imp (D:5)
  3 white imps (D:5)
  4 ufetubi
  2 dart slugs
  4 ribbon worms
  25 orcs
  5 ball pythons
  2 bats
  6 endoplasms
  4 giant cockroaches
  3 goblins
  8 hobgoblins
  6 jackals
  3 quokkas
  3 frilled lizards
  9 kobolds
  3 rats
195 creatures vanquished.

Vanquished Creatures (collateral kills)
  8 foxfires
8 creatures vanquished.

Vanquished Creatures (others)
  1070 foxfires
1070 creatures vanquished.

Grand Total: 1273 creatures vanquished

Notes
Turn   | Place    | Note
-------+----------+-------------------------------------------
     0 | D:1      | shadizar the Djinni Fire Elementalist began the quest for
                  | the Orb.
     0 | D:1      | shadizar set off with the following spells memorised:
                  | Foxfire, Scorch, Volatile Blastmotes, Inner Flame, Flame
                  | Wave.
     0 | D:1      | Reached XP level 1. HP: 15/15 MP: 0/0
   262 | D:1      | Found a faded altar of an unknown god.
   299 | D:1      | Reached XP level 2. HP: 17/21 MP: 0/0
   777 | D:1      | Reached XP level 3. HP: 22/25 MP: 0/0
   777 | D:1      | Learned a level 1 spell: Shock
   992 | D:2      | Reached skill level 4 in Fire Magic
  1055 | D:2      | Reached XP level 4. HP: 22/31 MP: 0/0
  1400 | D:2      | Identified the +10 hammer of Evolution {vamp, rF+ rN+ Dex+2
                  | Stlth+}
  1408 | D:2      | Found a runed translucent door.
  1409 | D:2      | Noticed Crazy Yiuf
  1687 | D:3      | Reached XP level 5. HP: 26/35 MP: 0/0
  1687 | D:3      | Learned a level 2 spell: Static Discharge
  2145 | D:3      | Found a glowing drain.
  2166 | Sewer    | Entered a sewer
  2224 | Sewer    | Noticed Pargi
  2230 | Sewer    | Killed Pargi
  2231 | Sewer    | Reached skill level 5 in Spellcasting
  2231 | Sewer    | Reached skill level 5 in Conjurations
  2231 | Sewer    | Reached skill level 5 in Hexes
  2231 | Sewer    | Reached skill level 5 in Summonings
  2231 | Sewer    | Reached skill level 5 in Necromancy
  2231 | Sewer    | Reached skill level 5 in Translocations
  2231 | Sewer    | Reached skill level 5 in Fire Magic
  2231 | Sewer    | Reached skill level 5 in Ice Magic
  2231 | Sewer    | Reached skill level 5 in Air Magic
  2231 | Sewer    | Reached skill level 5 in Earth Magic
  2231 | Sewer    | Reached skill level 5 in Alchemy
  2231 | Sewer    | Reached XP level 6. HP: 12/40 MP: 0/0
  2898 | D:4      | Reached skill level 6 in Fire Magic
  2912 | D:4      | Reached XP level 7. HP: 45/45 MP: 0/0
  2912 | D:4      | Learned a level 2 spell: Call Imp
  3255 | D:4      | Noticed Natasha
  3260 | D:4      | Killed Natasha
  3262 | D:4      | Noticed Eustachio
  3282 | D:4      | Killed Eustachio
  3283 | D:4      | Reached skill level 7 in Fire Magic
  3283 | D:4      | Reached XP level 8. HP: 22/50 MP: 0/0
  3296 | D:4      | Noticed Natasha
  3301 | D:4      | Killed Natasha
  3341 | D:5      | Entered Level 5 of the Dungeon
  3476 | D:5      | Reached skill level 1 in Fighting
  3476 | D:5      | Reached skill level 1 in Armour
  3688 | D:5      | Identified the +1 mace of Wariness {freeze, Will++ Str+2
                  | Dex+4 SInv}
  3959 | D:5      | Found a runed translucent door.
  3960 | D:5      | Noticed heinrich's ghost (weakling GnDe)
  4342 | D:6      | Noticed Duvessa
  4344 | D:6      | Noticed Dowan
  4368 | D:6      | Killed Duvessa
  4369 | D:6      | Reached XP level 9. HP: 8/61 MP: 0/0
  4369 | D:6      | Learned a level 3 spell: Summon Ice Beast
  4551 | D:6      | Killed Dowan
  4882 | D:6      | Found Biumihen's Antique Weapon Shop.
  4947 | D:6      | Found a staircase to the Ecumenical Temple.
  5222 | D:6      | Noticed Sigmund
  5229 | D:6      | Killed Sigmund
  5230 | D:6      | Reached skill level 5 in Dodging
  5524 | D:7      | Found Ytuiwedd's Magic Scroll Shoppe.
  5539 | D:7      | Found a white marble altar of Elyvilon.
  5609 | D:7      | Found an opulent altar of Gozag.
  5652 | D:7      | Reached skill level 5 in Fighting
  5652 | D:7      | Reached skill level 5 in Armour
  5932 | D:7      | Noticed a hornet
  5935 | D:7      | Killed a hornet
  5936 | D:7      | Reached XP level 10. HP: 55/72 MP: 0/0
  6096 | D:7      | Noticed an unseen horror
  6104 | D:7      | Killed an unseen horror
  6533 | D:8      | Reached skill level 8 in Fire Magic
  7456 | Temple   | Entered the Ecumenical Temple
  7490 | Temple   | Became a worshipper of Makhleb the Destroyer
  7622 | D:9      | Found a staircase to the Lair.
  7738 | D:9      | Reached skill level 9 in Fire Magic
  8468 | D:10     | Entered Level 10 of the Dungeon
  8496 | D:10     | Found a staircase to the Orcish Mines.
  8523 | D:10     | Found a transporter.
  8528 | D:10     | Noticed a two-headed ogre
  8539 | D:10     | Killed a two-headed ogre
  8540 | D:10     | Reached skill level 10 in Fire Magic
  8680 | D:10     | Found a transporter.
  8795 | D:10     | Noticed an unseen horror
  8796 | D:10     | Noticed a two-headed ogre
  8799 | D:10     | Killed an unseen horror
  8994 | D:10     | Found a transporter.
  9057 | D:10     | Found a transporter.
  9058 | D:10     | Found a transporter.
  9256 | D:10     | Reached XP level 11. HP: 72/76 MP: 0/0
  9256 | D:10     | Learned a level 4 spell: Petrify
  9259 | D:10     | Reached skill level 11 in Fire Magic
  9296 | D:10     | Found a transporter.
  9528 | Lair:1   | Entered Level 1 of the Lair of Beasts
  9765 | Lair:1   | Reached skill level 10 in Spellcasting
  9765 | Lair:1   | Reached skill level 10 in Conjurations
  9765 | Lair:1   | Reached skill level 10 in Hexes
  9765 | Lair:1   | Reached skill level 10 in Summonings
  9765 | Lair:1   | Reached skill level 10 in Necromancy
  9765 | Lair:1   | Reached skill level 10 in Translocations
  9765 | Lair:1   | Reached skill level 10 in Ice Magic
  9765 | Lair:1   | Reached skill level 10 in Air Magic
  9765 | Lair:1   | Reached skill level 10 in Earth Magic
  9765 | Lair:1   | Reached skill level 10 in Alchemy
  9768 | Lair:1   | Reached skill level 12 in Fire Magic
 10241 | Lair:1   | Reached skill level 13 in Fire Magic
 10397 | Lair:1   | Reached * piety under Makhleb
 10478 | Lair:1   | Identified the +6 flail of Dokkaf {protect, *Noise rElec
                  | rC+ Str+3}
 10787 | Lair:1   | Reached skill level 14 in Fire Magic
 10790 | Lair:1   | HP: 3/76 [yak (9)]
 10794 | Lair:1   | Mangled by a yak

Illustrated notes

Levels and vault maps discovered:
D:1:      orjb1_lava_funnel, layout_basic, shapermc_ecumenical_altar_ellora
D:2:      layout_rooms, uniq_crazy_yiuf_cottage
D:3:      layout_loops_ring, portal_sewer_entry_d
D:4:      layout_basic, minmay_cupped, uniq_natasha, uniq_eustachio
D:5:      layout_loops_cross, gammafunk_ghost_grave, moated_statue
D:6:      layout_gridville, temple_statues, serial_shops, shop_fountains,
          hangedman_decor_riveting, serial_park_tiny_2, uniq_sigmund,
          uniq_duvessa
D:7:      layout_basic, mainiacjoe_overflow_catwalk_spiral, serial_shops, shop,
          chequers_serial_rivers_micro_d, amcnicky_mini_rare_corridor_liquid,
          minmay_manual_monstrance
D:8:      layout_loops_ring
D:9:      layout_roguey, dpeg_oklobed_lair
D:10:     layout_roguey, orc_0_dummy, serial_nicolae_subway,
          nicolae_sub_station_stone, nicolae_sub_station_metal,
          nicolae_sub_station_crystal
Temple:   mainiacjoe_temple_cubbyholes
Lair:1:   cheibrodos_lair_river_kwai, layout_cave_pods, lemuel_fruit_fields,
          infiniplex_staircase_pool

Skill      XL: |  1  2  3  4  5  6  7  8  9 10 11 |
---------------+----------------------------------+-----
Spellcasting   | 4 5 6 7 9 11 | 11.3
Conjurations   | 4 5 6 7 9 11 | 11.3
Hexes          | 4 5 6 7 9 11 | 11.3
Summonings     | 4 5 6 7 9 11 | 11.3
Necromancy     | 4 5 6 7 9 11 | 11.3
Translocations | 4 5 6 7 9 11 | 11.3
Fire Magic     | 4 5 6 7 10 14 | 14.1
Ice Magic      | 4 5 6 7 9 11 | 11.3
Air Magic      | 4 5 6 7 9 11 | 11.3
Earth Magic    | 4 5 6 7 9 11 | 11.3
Alchemy        | 4 5 6 7 9 11 | 11.3
Fighting       | 3 5 6 |  6.2
Armour         | 3 5 6 |  6.2
Dodging        | 4 6 7 |  7.2
Stealth        | |  1.5

Action                     |  1- 3 |  4- 6 |  7- 9 | 10-12 || total
---------------------------+-------+-------+-------+-------++-------
  Melee: Unarmed           |     2 |       |       |       ||     2
         Mace              |       |     6 |     6 |       ||    12
   Cast: Foxfire           |    70 |   119 |   250 |   223 ||   662
         Scorch            |       |     1 |    32 |    38 ||    71
         Flame Wave        |       |       |     6 |    15 ||    21
         Static Discharge  |       |       |     4 |       ||     4
         Shock             |       |       |     1 |    21 ||    22
    Use: Scroll            |       |       |    10 |     1 ||    11
         Potion            |       |       |     4 |     4 ||     8
 Armour: Robe              |     8 |    26 |       |       ||    34
         Troll leather arm |       |     2 |    24 |       ||    26
         Leather armour    |       |       |    46 |    85 ||   131
  Dodge: Dodged            |    17 |    23 |    67 |    80 ||   187

Table legend: (Time is in decaauts)
 A = Elapsed time spent in this place.
 B = Non-inter-level travel time spent in this place.
 C = Inter-level travel time spent in this place.
 D = Time resting spent in this place.
 E = Time spent auto-exploring this place.
 F = Levels seen in this place.
 G = Mean time per level.
                   A        B        C        D        E       F      G
               +--------+--------+--------+--------+--------+-----+--------+
         Total |  10813 |  10282 |    531 |      0 |   8231 |  13 |  831.8 |
       Dungeon |   9139 |   8610 |    529 |      0 |   6871 |  10 |  913.9 |
        Temple |     54 |     54 |      0 |      0 |      0 |   1 |   54.0 |
          Lair |   1265 |   1265 |      0 |      0 |   1091 |   1 | 1265.0 |
         Sewer |    353 |    353 |      0 |      0 |    269 |   1 |  353.0 |
               +--------+--------+--------+--------+--------+-----+--------+

Top non-repeatable levels by time:
  Lair:1: 1265 daAuts
     D:8: 1240 daAuts
     D:7: 1188 daAuts
     D:5: 1012 daAuts
     D:1: 982 daAuts
     D:6: 952 daAuts
    D:10: 914 daAuts
     D:9: 840 daAuts
     D:3: 780 daAuts
     D:2: 647 daAuts
     D:4: 579 daAuts
   Sewer: 353 daAuts
  Temple: 54 daAuts
